 Dungeon Crawl Stone Soup version 0.26.0-15-gc6cd9f700b (webtiles) character file.

Game seed: 498769135166927718

77 flappity the Ducker (level 4, -24/33 HPs)
             Began as an Octopode Berserker on Jan 15, 2021.
             Was a Follower of Trog.
             Killed from afar by Pikel (29 damage)
             ... with a bolt of acid
             ... on level 4 of the Dungeon.
             The game lasted 00:02:59 (2187 turns).

flappity the Ducker (Octopode Berserker)            Turns: 2187, Time: 00:02:59

Health: -24/33     AC:  1    Str: 16    XL:     4   Next: 34%
Magic:  4/4        EV: 14    Int:  9    God:    Trog [*.....]
Gold:   151        SH:  0    Dex: 12    Spells: 3/3 levels left

rFire    . . .     SeeInvis .   p - +0 war axe
rCold    . . .     Faith    .   (no shield)
rNeg     . . .     Spirit   .   (helmet restricted)
rPois    .         Reflect  .   (no amulet)
rElec    .         Harm     .   (no ring)
rCorr    .         Rampage  .   (no ring)
Will     .....                  (no ring)
Stlth    ++........             (no ring)
HPRegen  0.11/turn              (no ring)
MPRegen  0.09/turn              (no ring)
                                (no ring)
                                (no ring)

@: berserk cooldown, slowed, very slow
A: almost no armour, stealthy swim, amphibious, 8 rings, constrict 8, camouflage
1, gelatinous body 1
a: Renounce Religion, Berserk


You were on level 4 of the Dungeon.
You worshipped Trog.
Trog was aware of your devotion.
You visited 1 branch of the dungeon, and saw 4 of its levels.

You collected 151 gold pieces.


Innate Abilities, Weirdness & Mutations

You cannot wear most types of armour.
You are very stealthy in the water. (Stealth+)
You are amphibious.
You can wear up to eight rings at the same time.
You can use your tentacles to constrict eight enemies at once.
Your skin changes colour to match your surroundings (Stealth+).
Your rubbery body absorbs attacks. (AC +1, EV +1)


   Skills:
 + Level 3.7 Fighting
 + Level 3.8 Axes
 + Level 3.8 Dodging


You had 3 spell levels left.
You didn't know any spells.
Your spell library was empty.

Inventory:

Hand Weapons
 a - a +0 hand axe
 k - a +0 hand crossbow
 p - a +0 war axe (weapon)
Scrolls
 d - a scroll of amnesia {unknown}
 h - 2 scrolls of noise {unknown}
 i - 3 scrolls of identify {unknown}
 j - 2 scrolls of enchant weapon {unknown}
 l - a scroll of immolation {unknown}
 m - a scroll of magic mapping {unknown}
 n - 2 scrolls of teleportation {unknown}
 q - a scroll of remove curse {unknown}
Potions
 b - a potion of resistance {unknown}
 c - 2 potions of heal wounds {unknown}
 e - a potion of curing {unknown}
 f - a potion of haste {unknown}
 g - a potion of attraction {unknown}
 o - a potion of lignification {unknown}


Message History

You constrict the lemure, but do no damage.
The lemure misses you.
You hit the lemure.
The lemure is moderately wounded.
You constrict the lemure. The lemure misses you.
The lemure completely misses you.
You slash the lemure!
You squeeze the lemure, but do no damage.
The lemure is severely wounded.
You constrict the lemure. The lemure barely misses you.
You slash the lemure!
You kill the lemure!
That felt strangely unrewarding.
The lemure shouts!
A phantom comes into view.
A red film seems to cover your vision as you go berserk!
You feel yourself moving faster!
You feel mighty!
You feel a strong urge to attack something.
You slash the lemure! You squeeze the lemure.
The lemure is severely wounded.
A worker ant comes into view.
The lemure barely misses you.
You slash the lemure! You grab the lemure.
The lemure is almost dead.
You constrict the lemure.
The phantom blinks!
The lemure hits you.
You take 3 damage.
You hit the lemure.
You kill the lemure!
That felt strangely unrewarding.
Pikel the Slaver comes into view.
He is wielding a +0 whip of electrocution and carrying a wand of acid (8).
Pikel shouts!
Pikel says, "I just want to get paid!"
You feel a strong urge to attack something.
You are no longer berserk.
You are exhausted.
You feel yourself slow down.
Pikel zaps a wand.
The bolt of acid misses you.
You take 7 damage.
You hit Pikel. You grab Pikel. You squeeze Pikel.
Pikel is moderately wounded.
You constrict Pikel. Pikel closely misses you.
Pikel hits you with a +0 whip of electrocution!
You take 10 damage.
You hit Pikel. You squeeze Pikel, but do no damage.
Pikel is moderately wounded.
You hit the worker ant but do no damage.
You constrict Pikel. The worker ant barely misses you.
Pikel zaps a wand.
The bolt of acid hits you!!
Ouch! That really hurt!
You die... ▒▒▒∙∙∙▒ ▒∙∙ ▒∙'∙∙(▒ ▒∙▒ ▒∙▒∙∙∙▒▒▒ ▒∙▒ ▒%▒▒∙∙∙∙▒▒▒▒▒▒ ▒∙▒∙▒∙▒▒∙∙∙∙∙∙∙∙∙▒ ▒▒▒∙▒∙▒∙▒▒∙>∙∙∙∙∙∙∙' ∙∙∙∙

▒∙▒▒∙∙∙∙∙∙∙∙∙▒
▒K▒▒▒∙▒▒▒∙∙∙∙∙∙∙∙▒
▒x∙∙∙∙▒ ▒∙)∙∙∙∙∙∙▒
▒∙B∙∙∙▒ ▒∙▒▒▒▒▒▒▒▒
▒∙∙∙∙∙▒▒▒∙▒▒▒▒▒▒▒▒
▒▒▒∙W∙∙▒▒∙)∙∙∙∙∙∙∙
▒∙∙∙∙▒▒▒▒▒▒▒▒▒▒▒
▒∙∙∙∙∙∙∙ ▒▒∙▒▒▒▒▒▒
∙∙▒ ∙∙▒


You could see Pikel, a phantom and a worker ant.

Vanquished Creatures
  4 lemures (D:4)
  Jessica (D:3)
  An adder (D:2)
  A worm (D:3)
  2 dart slugs
  A leopard gecko (D:4)
  6 orcs
  A giant cockroach (D:3)
  3 goblins
  2 hobgoblins (D:1)
  4 kobolds (D:1)
  2 bats
  3 frilled lizards (D:1)
  3 rats
34 creatures vanquished.

Notes
Turn   | Place    | Note
-------+----------+-------------------------------------------
     0 | D:1      | flappity the Octopode Berserker began the quest for the
                  | Orb.
     0 | D:1      | Reached XP level 1. HP: 16/16 MP: 1/1
   197 | D:1      | Reached XP level 2. HP: 15/21 MP: 2/2
   842 | D:2      | Reached XP level 3. HP: 26/26 MP: 3/3
   844 | D:2      | Noticed an ogre
  1025 | D:2      | Found a white marble altar of Elyvilon.
  1025 | D:2      | Found a radiant altar of Vehumet.
  1033 | D:2      | Found a faded altar of an unknown god.
  1035 | D:2      | Found a shimmering altar of Xom.
  1036 | D:2      | Found a hazy altar of Hepliaklqana.
  1544 | D:3      | Noticed Jessica
  1549 | D:3      | Killed Jessica
  1550 | D:3      | Reached XP level 4. HP: 33/33 MP: 4/4
  2152 | D:4      | Noticed a lemure
  2154 | D:4      | Noticed a lemure
  2154 | D:4      | Noticed a lemure
  2156 | D:4      | Noticed a lemure
  2160 | D:4      | Killed a lemure
  2165 | D:4      | Killed a lemure
  2170 | D:4      | Killed a lemure
  2178 | D:4      | Noticed a phantom
  2183 | D:4      | Killed a lemure
  2183 | D:4      | Noticed Pikel
  2186 | D:4      | HP: 5/33 [Pikel/+0 whip of electrocution (10)]
  2187 | D:4      | Killed from afar by Pikel

Levels and vault maps discovered:
D:1:      scummos_arrival_simple_fountains, layout_loops_ring
D:2:      layout_basic, chequers_temple_overflow_minitemple
D:3:      layout_loops_corners, uniq_jessica
D:4:      layout_basic, minmay_temple_entry_hall, portal_sewer_entry_f,
          uniq_pikel

Action                   |  1- 3 |  4- 6 || total
-------------------------+-------+-------++-------
Melee: Hand axe          |    39 |     3 ||    42
       Constrict         |    12 |    11 ||    23
       Tentacles         |    11 |    14 ||    25
       War axe           |       |    31 ||    31
Invok: Berserk           |       |     1 ||     1
 Stab: Sleeping          |     8 |     1 ||     9
Armor: Skin              |     5 |     2 ||     7
Dodge: Dodged            |    21 |    22 ||    43
